 Dungeon Crawl Stone Soup version 0.31-a0-1338-gb567cfdca4 (webtiles) character file.

Game seed: 8573311078812634297

61693 mdonais the Thaumaturge (level 14, 0/84 HPs)
             Began as a Deep Elf Necromancer on Dec 19, 2023.
             Was a High Priest of Ashenzari.
             Slain by a komodo dragon (21 damage)
             ... on level 11 of the Dungeon on Dec 22, 2023.
             The game lasted 02:11:29 (20717 turns).

mdonais the Thaumaturge (Deep Elf Necromancer)     Turns: 20717, Time: 02:11:30

Health: 0/84       AC: 16    Str:  5    XL:     14   Next: 61%
Magic:  9/34       EV: 19    Int: 29    God:    Ashenzari [*****.]
Gold:   963        SH:  6    Dex: 15    Spells: 9/42 levels left

rFire   . . .        y - +6 spear "At What Cost Knowledge?" {spect, rCorr Int+3, Range, Comp} (curse)
rCold   + . .        I - +0 buckler of the Bound Servitude {reflect, Sorc, Dev} (curse)
rNeg    . . .        S - +2 robe "Tethered With Me" {rC+, Cun, Comp} (curse)
rPois   .            Y - +2 hat of Ashenzari's Comet {Fort, Dev} (curse)
rElec   .            (no cloak)
rCorr   +            s - +2 pair of gloves of Supernal Understanding {Melee, Comp} (curse)
SInv    +            i - +2 pair of boots "Thunder Perfect Mind" {Bglg, Comp} (curse)
Will    ++...        W - amulet "Pangnostic Scepticism" {RegenMP, Sorc, Comp} (curse)
Stlth   ++++         z - ring of Ashenzari's Pleiades {AC+4, Elem, Sorc} (curse)
HPRegen 0.34/turn    q - ring "Circumscribed With Me" {Will+, Sorc, Range} (curse)
MPRegen 0.64/turn

%: reflection, clarity
@: death channelling
A: no striking features
a: Renounce Religion, Curse Item, Shatter the Chains


You were on level 11 of the Dungeon.
You worshipped Ashenzari.
Ashenzari was extremely pleased with you.
You visited 3 branches of the dungeon, and saw 18 of its levels.
You also visited: Sewer.

You collected 1019 gold pieces.
You spent 56 gold pieces at shops.

Inventory:

Hand Weapons
 y - the cursed +6 spear "At What Cost Knowledge?" (weapon) {spect, rCorr Int+3, Range, Comp}
   (You found it on level 4 of the Dungeon)

   Int+3:     It affects your intelligence (+3).
   rCorr:     It protects you from acid and corrosion.
   It has a curse which improves the following skills: Ranged Combat: Ranged
   Weapons and Throwing.
   Companions: Summonings and Necromancy.
 A - the +1 war axe "Demonslayer" {flame, ^Fragile Will++ Dex+2 Stlth+}
   (You found it on level 11 of the Dungeon)

   Dex+2:     It affects your dexterity (+2).
   Will++:    It greatly increases your willpower.
   ^Fragile:  It will be destroyed if unequipped.
   Stlth+:    It makes you more stealthy.
 K - the +6 war axe of Loryn Qosud {spect, rElec}
   (You found it on level 6 of the Dungeon)

   rElec:     It insulates you from electricity.
Missiles
 v - 6 javelins
 F - 2 curare-tipped darts (quivered)
 J - 8 atropa-tipped darts
 Z - a throwing net {=!f}
Armour
 c - a +1 pair of gloves
   (You found it on level 5 of the Lair of Beasts)
 i - the cursed +2 pair of boots "Thunder Perfect Mind" (worn) {Bglg, Comp}
   (You found it on level 3 of the Dungeon)

   It has a curse which improves the following skills: Beguiling: Hexes and
   Translocations.
   Companions: Summonings and Necromancy.
 s - the cursed +2 pair of gloves of Supernal Understanding (worn) {Melee, Comp}
   (You found it on level 3 of the Dungeon)

   It has a curse which improves the following skills: Melee Combat: Short
   Blades, Long Blades, Axes, Maces & Flails, Polearms, Staves and Unarmed
   Combat.
   Companions: Summonings and Necromancy.
 t - a +0 buckler
   (You found it on level 4 of the Lair of Beasts)
 I - the cursed +0 buckler of the Bound Servitude (worn) {reflect, Sorc, Dev}
   (You found it on level 6 of the Dungeon)

   It has a curse which improves the following skills: Sorcery: Conjurations and
   Alchemy.
   Devices:   Evocations and Shapeshifting.
 M - +0 acid dragon scales
   (You found it on level 7 of the Dungeon)
 O - a +0 leather armour of fire resistance
   (You took it off an orc on level 9 of the Dungeon)
 S - the cursed +2 robe "Tethered With Me" (worn) {rC+, Cun, Comp}
   (You took it off an orc wizard on level 12 of the Dungeon)

   It has a curse which improves the following skills: Cunning: Dodging and
   Stealth.
   Companions: Summonings and Necromancy.
 Y - the cursed +2 hat of Ashenzari's Comet (worn) {Fort, Dev}
   (You found it on level 1 of the Lair of Beasts)

   It has a curse which improves the following skills: Fortitude: Armour and
   Shields.
   Devices:   Evocations and Shapeshifting.
Jewellery
 a - a +6 ring of dexterity
   (You found it on level 9 of the Dungeon)
 e - a ring of willpower
   (You found it on level 5 of the Dungeon)
 f - a ring of protection from fire
   (You found it on level 4 of the Lair of Beasts)
 n - a ring of flight
   (You found it on level 2 of the Dungeon)
 o - a ring of poison resistance
   (You found it on level 4 of the Dungeon)
 q - the cursed ring "Circumscribed With Me" (right hand) {Will+, Sorc, Range}
   (You found it on level 3 of the Dungeon)

   [ring of willpower]

   Will+:     It increases your willpower.
   It has a curse which improves the following skills: Sorcery: Conjurations and
   Alchemy.
   Ranged Combat: Ranged Weapons and Throwing.
 z - the cursed ring of Ashenzari's Pleiades (left hand) {AC+4, Elem, Sorc}
   (You found it on level 5 of the Dungeon)

   [ring of protection]

   AC+4:      It affects your AC (+4).
   It has a curse which improves the following skills: Elements: Fire Magic, Ice
   Magic, Air Magic and Earth Magic.
   Sorcery:   Conjurations and Alchemy.
 W - the cursed amulet "Pangnostic Scepticism" (around neck) {RegenMP, Sorc, Comp}
   (You found it on level 6 of the Dungeon)

   [amulet of magic regeneration]

   RegenMP:   It increases your rate of magic regeneration.
   It has a curse which improves the following skills: Sorcery: Conjurations and
   Alchemy.
   Companions: Summonings and Necromancy.
Wands
 D - a wand of digging (7)
   (You found it on level 3 of the Dungeon)
 P - a wand of paralysis (9)
   (You found it on level 2 of the Dungeon)
 R - a wand of quicksilver (9)
   (You found it on level 8 of the Dungeon)
 V - a wand of flame (26)
   (You found it on level 9 of the Dungeon)
Scrolls
 g - a scroll of silence
 h - a scroll of vulnerability
 k - a scroll of immolation
 l - a scroll of butterflies
 u - 2 scrolls of fog
 B - a scroll of blinking
 C - 3 scrolls of fear
 T - 5 scrolls of teleportation
 U - a scroll of enchant armour
Potions
 b - 6 potions of magic
 d - 4 potions of brilliance
 j - 3 potions of cancellation
 m - a potion of lignification
 p - a potion of resistance
 w - 2 potions of enlightenment
 x - 2 potions of might
 E - 7 potions of heal wounds
 G - 3 potions of mutation
 H - 2 potions of haste
 L - 2 potions of berserk rage
 Q - 6 potions of curing
 X - 2 potions of invisibility


   Skills:
 - Level 8.0 Fighting
 - Level 2.0(3.6) Short Blades
 - Level 3.0(4.8) Polearms
 - Level 3.2(5.1) Armour
 + Level 12.4(14.4) Dodging
 - Level 6.0(8.1) Stealth
 - Level 6.0(8.1) Shields
 + Level 14.5 Spellcasting
 - Level 9.5(14.5) Conjurations
 - Level 8.0(13.7) Necromancy
 - Level 2.4(4.1) Translocations
 - Level 10.0(12.1) Fire Magic
 * Level 8.6(10.8) Air Magic
 - Level 4.9(8.0) Evocations


You had 9 spell levels left.
You knew the following spells:

 Your Spells              Type           Power      Damage    Failure   Level
a - Death Channel         Necr           39%        N/A       1%          6
b - Vampiric Draining     Necr           79%        2d11      1%          3
c - Fireball              Conj/Fire      39%        3d16      1%          5
d - Plasma Beam           Fire/Air       36%        2x1d50    4%          6
e - Animate Dead          Necr           79%        N/A       1%          4
f - Iskenderun's Mystic   Conj/Tloc      66%        2d14      1%          4
g - Necrotise             Necr           100%       1d9       0%          1
h - Dispel Undead         Necr           79%        3d26      1%          4

Your spell library contained the following spells:

 Spells                   Type           Power      Damage    Failure   Level
 Cigotuvi's Dreadful Rot  Necr/Alch/Air  100%       N/A       1%          2
 Sublimation of Blood     Necr           79%        N/A       1%          2
 Volatile Blastmotes      Fire/Tloc      100%       2d18      1%          3
 Brom's Barrelling Bould  Conj/Erth      59%        2d7       1%          4
 Fulminant Prism          Conj/Alch      30%        3d15      1%          4
 Vhi's Electric Charge    Tloc/Air       100%       N/A       1%          4
 Agony                    Necr           79%        N/A       1%          5
 Arcjolt                  Conj/Air       38%        1d48      1%          5
 Iskenderun's Battlesphe  Conj           81%        2d13      1%          5
 Slow                     Hex            88%        N/A       3%          1
 Call Imp                 Summ           52%        N/A       3%          2
 Conjure Ball Lightning   Conj/Air       38%        3x3d12    3%          6
 Call Canine Familiar     Summ           26%        N/A       8%          3
 Orb of Destruction       Conj           40%        9d11      8%          7
 Confusing Touch          Hex            22%        N/A       10%         3
 Sigil of Binding         Hex            22%        N/A       10%         3
 Tukima's Dance           Hex            22%        N/A       10%         3
 Dimensional Bullseye     Hex/Tloc       16%        N/A       14%         4
 Cause Fear               Hex            11%        N/A       32%         4
 Summon Hydra             Summ           13%        N/A       100%        7
 Dragon's Call            Summ           13%        N/A       100%        9


Dungeon Overview and Level Annotations

Branches:
Dungeon (12/15) Zot: 25694  Temple (1/1) D:6 Zot: 5982    Lair (5/5) D:8 Zot: 24078
 Shoals (0/4) Lair:2       Spider (0/4) Lair:3        Slime (0/5) Lair:4
    Orc (0/2) D:12          Sewer (visited)

Altars:
Ashenzari
Cheibriados
Dithmenos
Elyvilon
Fedhas
Gozag
Hepliaklqana
Kikubaaqudgha
Makhleb
Nemelex Xobeh
Okawaru
Qazlal
Ru
Sif Muna
Trog
Uskayaw
Vehumet
Wu Jian
Xom
Yredelemnul
Zin
The Shining One
Jiyva

Shops:
D:1 (   D:3 !

Annotations:
D:7 3 runed translucent doors, Jeffwins's ghost, novice GrEE
D:11 superbruh's ghost, journeyman OnCA
D:12 Lodul


Message History

The slime creature quivers.
The ogre misses you. The ogre completely misses you.
There is a stone staircase leading up, spattered with blood here.
There are monsters nearby!
You block the ogre's attack. The ogre misses you.
You climb upwards.
Level annotation: superbruh's ghost, journeyman OnCA
There is a stone staircase leading down here.
Casting: Plasma Beam (dangerous; 5% risk of failure)
Confirm with . or Enter, or press ? or * to list all spells.
Aiming: Vampiric Draining (safe; 1% risk of failure)
Press: ? - help, Shift-Dir - straight line, f - ogre
Aim: an ogre, wielding a +0 giant club You draw life force from the ogre!
The ogre misses you.
You now have 31/34 mp.
Casting: Vampiric Draining (safe; 1% risk of failure)
Confirm with . or Enter, or press ? or * to list all spells.
Aiming: Vampiric Draining (safe; 1% risk of failure)
Press: ? - help, Shift-Dir - straight line, f/p - ogre
Aim: an ogre, wielding a +0 giant club (heavily wounded)
You draw life force from the ogre!
The ogre closely misses you.
You now have 29/34 mp.
Casting: Vampiric Draining (safe; 1% risk of failure)
Confirm with . or Enter, or press ? or * to list all spells.
Aiming: Vampiric Draining (safe; 1% risk of failure)
Press: ? - help, Shift-Dir - straight line, f/p - ogre
Aim: an ogre, wielding a +0 giant club (severely wounded)
You draw life force from the ogre!
You kill the ogre!
You block the ogre's attack.
You now have 27/34 mp.
Casting: Vampiric Draining (safe; 1% risk of failure)
Confirm with . or Enter, or press ? or * to list all spells.
Aiming: Vampiric Draining (safe; 1% risk of failure)
Press: ? - help, Shift-Dir - straight line, f - ogre
Aim: an ogre, wielding a +0 giant club You draw life force from the ogre!
The ogre misses you.
You now have 24/34 mp.
Casting: Vampiric Draining (safe; 1% risk of failure)
Confirm with . or Enter, or press ? or * to list all spells.
Aiming: Vampiric Draining (safe; 1% risk of failure)
Press: ? - help, Shift-Dir - straight line, f/p - ogre
Aim: an ogre, wielding a +0 giant club (heavily wounded)
You draw life force from the ogre!
You kill the ogre!
You now have 22/34 mp.
Casting: Vampiric Draining (safe; 1% risk of failure)
Confirm with . or Enter, or press ? or * to list all spells.
You can't see any susceptible monsters within range! (Use Z to cast anyway.) Unknown command.
Magic restored.
Things that are here:
a +0 giant club; a +2 scimitar of flaming MP restored: 34
There is a stone staircase leading down here.
You start waiting.
Done waiting.
You aren't wearing any cursable items.
Okay, then.
You climb downwards.
Level annotation: Lodul You block the ogre's attack.
Electricity crackles from Lodul's apparatus.
The bolt of lightning hits you!! The slime creature closely misses you.
The komodo dragon completely misses you.
The slime creature hits you but does no damage.
There is a stone staircase leading up, spattered with blood here.
You take 22 damage, and have 62/84 hp.
MASSIVE DAMAGE!!
The ogre closely misses you. The komodo dragon bites you!
The slime creature hits you but does no damage.
You climb upwards.
Level annotation: superbruh's ghost, journeyman OnCA
There is a stone staircase leading down here.
You take 6 damage, and have 56/84 hp.
Casting: Vampiric Draining (safe; 1% risk of failure)
Confirm with . or Enter, or press ? or * to list all spells.
Aiming: Vampiric Draining (safe; 1% risk of failure)
Press: ? - help, Shift-Dir - straight line, f - ogre
Aim: an ogre, wielding a +0 giant club You draw life force from the ogre!
You feel life coursing into your body.
The komodo dragon bites you but does no damage.
The ogre closely misses you. The slime creature closely misses you.
You regained 6 hp, and now have 62/84 hp.
You now have 31/34 mp.
Casting: Vampiric Draining (safe; 1% risk of failure)
Confirm with . or Enter, or press ? or * to list all spells.
Aiming: Vampiric Draining (safe; 1% risk of failure)
Press: ? - help, Shift-Dir - straight line, f/p - ogre
Aim: an ogre, wielding a +0 giant club (heavily wounded)
You draw life force from the ogre!
You feel life coursing into your body! The komodo dragon bites you!!
The slime creature misses you.
You take 17 damage, and have 45/84 hp.
MASSIVE DAMAGE!!
You now have 29/34 mp.
Casting: Vampiric Draining (safe; 1% risk of failure)
Confirm with . or Enter, or press ? or * to list all spells.
Aiming: Vampiric Draining (safe; 1% risk of failure)
Press: ? - help, Shift-Dir - straight line, f/p - ogre
Aim: an ogre, wielding a +0 giant club (almost dead)
You draw life force from the ogre!
You kill the ogre!
The komodo dragon bites you but does no damage.
The slime creature closely misses you.
You now have 26/34 mp.
Casting: Vampiric Draining (safe; 1% risk of failure)
Confirm with . or Enter, or press ? or * to list all spells.
Malign forces permeate your being, awaiting release.
You block the komodo dragon's attack. The slime creature hits you!
You take 12 damage, and have 34/84 hp.
You now have 21/34 mp.
Casting: Death Channel (dangerous; 1% risk of failure)
Confirm with . or Enter, or press ? or * to list all spells.
Casting: Plasma Beam (dangerous; 4% risk of failure)
Press: ? - help, Dir - look around, f - activate The bolt of lightning misses the komodo dragon.
The fiery plasma misses the komodo dragon.
The komodo dragon bites you!
* * * LOW HITPOINT WARNING * * *
The slime creature completely misses you.
You take 14 damage, and have 20/84 hp.
You now have 16/34 mp.
Casting: Plasma Beam (dangerous; 4% risk of failure)
Confirm with . or Enter, or press ? or * to list all spells.
Casting: Plasma Beam (dangerous; 4% risk of failure)
Press: ? - help, Dir - look around, f - activate
Okay, then.
Casting: Plasma Beam (dangerous; 4% risk of failure)
Confirm with . or Enter, or press ? or * to list all spells.
Aiming: Vampiric Draining (safe; 1% risk of failure)
Press: ? - help, Shift-Dir - straight line, f - komodo dragon
Aim: a komodo dragon You draw life force from the komodo dragon.
You feel life coursing into your body. You block the komodo dragon's attack.
The slime creature completely misses you.
You regained 2 hp, and now have 22/84 hp.
You now have 13/34 mp.
Casting: Vampiric Draining (safe; 1% risk of failure)
Confirm with . or Enter, or press ? or * to list all spells.
Aiming: Vampiric Draining (safe; 1% risk of failure)
Press: ? - help, Shift-Dir - straight line, f/p - komodo dragon
Aim: a komodo dragon (lightly wounded)
You draw life force from the komodo dragon!
You feel life coursing into your body! The komodo dragon bites you!
* * * LOW HITPOINT WARNING * * *
The slime creature misses you.
You take 9 damage, and have 13/84 hp.
You now have 11/34 mp.
Casting: Vampiric Draining (safe; 1% risk of failure)
Confirm with . or Enter, or press ? or * to list all spells.
Aiming: Vampiric Draining (safe; 1% risk of failure)
Press: ? - help, Shift-Dir - straight line, f/p - komodo dragon
Aim: a komodo dragon (moderately wounded)
You draw life force from the komodo dragon!
You feel life coursing into your body! The komodo dragon bites you!!
You die...

#<##########...##...#
#...................#
#...................#
#...........<.....#.#
#...................#
#................##.#
#................##.#
#..)lJ...........##.#
#...@............##.+
###################.y
###


You could see a slime creature and a komodo dragon.

Vanquished Creatures
  2 hydras
  A catoblepas (Lair:5)
  A two-headed ogre (D:6)
  2 death yaks (D:8)
  3 boulder beetles
  4 skeletal warriors (D:12)
  A harpy (Lair:5)
  4 oklob plants (Lair:2)
  A cyclops (D:11)
  3 black mambas
  A merfolk siren (Lair:2)
  2 elephants (Lair:5)
  2 centaur zombies (D:11)
  10 cane toads
  2 torpor snails
  2 unseen horrors
  2 rime drakes
  3 komodo dragons
  A sea snake zombie (Lair:5)
  A red devil (D:11)
  Psyche (D:9)
  A hornet (D:7)
  A polar bear (Lair:3)
  Grinder (Sewer)
  4 dream sheep
  A slime creature (D:12)
  14 blink frogs
  2 centaur simulacra (D:11)
  Sigmund (D:2)
  2 shadows
  A vampire (D:10)
  A warg (Lair:1)
  3 wyverns
  3 basilisks
  23 yaks
  6 steam dragons
  16 water moccasins
  Duvessa (D:5)
  4 ice beasts (D:6)
  4 orc warriors
  3 black bears
  9 ogres
  19 wolves
  4 centaurs
  4 kobold brigands
  A phantom (D:6)
  3 scorpions
  9 bullfrogs
  2 gnoll sergeants
  12 wights
  Dowan (D:5)
  10 killer bees
  2 electric eels (Lair:1)
  5 howler monkeys
  A quasit (Sewer)
  2 jellies (D:6)
  3 orc priests
  2 gnoll boudas
  9 hounds
  4 iguanas
  Natasha (D:2)
  Terence (D:2)
  A sleepcap (D:4)
  7 orc wizards
  3 hell rats
  18 gnolls
  8 adders
  8 river rats
  5 shadow imps
  A white imp (D:6)
  4 bombardier beetles
  12 ufetubi
  2 orc zombies (D:9)
  3 worms
  3 dart slugs
  24 orcs
  12 ball pythons
  7 bats
  2 bat zombies (Sewer)
  7 endoplasms
  10 giant cockroaches
  10 goblins
  7 hobgoblins
  3 jackals (D:2)
  5 quokkas
  4 frilled lizards
  23 kobolds
  4 rats
438 creatures vanquished.

Vanquished Creatures (collateral kills)
  Rupert (Lair:4)
  A hydra (Lair:2)
  A merfolk avatar (Lair:5)
  A two-headed ogre (D:8)
  5 death yaks
  2 skysharks (Lair:5)
  A sea snake (Lair:5)
  2 harpies (Lair:5)
  A manticore (Lair:5)
  9 elephants
  A black mamba (Lair:5)
  6 cane toads
  5 komodo dragons
  2 rime drakes (Lair:5)
  A polar bear (Lair:5)
  10 blink frogs
  A snapping turtle (Lair:5)
  9 yaks
  2 wyverns
  A shadow (D:11)
  A warg (Lair:1)
  A steam dragon (Lair:5)
  A water moccasin (Lair:5)
  A centaur (D:5)
  8 wolves
  A kobold brigand (D:12)
  4 bullfrogs
  A howler monkey (D:7)
  A hound (Lair:1)
  2 gnolls (D:7)
  An adder (D:6)
  An ufetubus (Sewer)
  2 orcs
  2 endoplasms
  A giant cockroach (D:1)
  2 kobolds
  A quokka (D:3)
  A ball python (D:2)
  2 rats
96 creatures vanquished.

Vanquished Creatures (others)
  A death yak zombie (D:8)
  A harpy zombie (Lair:5)
  A black mamba zombie (Lair:5)
  A skyshark zombie (Lair:5)
  A cane toad zombie (Lair:3)
  3 elephant zombies (Lair:5)
  A blink frog zombie (Lair:4)
  A merfolk zombie (Lair:2)
  A rime drake zombie (Lair:5)
  A komodo dragon zombie (Lair:5)
  A wyvern zombie (Lair:5)
  4 water moccasin zombies
  14 yak zombies
  A polar bear zombie (Lair:3)
  6 wolf zombies
  2 centaur zombies
  3 bullfrog zombies
  A scorpion zombie (D:7)
  4 killer bee zombies
  2 ice beast zombies (D:6)
  3 ogre zombies (D:12)
  A hell rat zombie (D:8)
  3 gnoll zombies
  2 steam dragon zombies
  An adder zombie (D:6)
  An iguana zombie (D:6)
  A bat zombie (Sewer)
  An endoplasm (Sewer)
  A ball python zombie (Sewer)
  A bombardier beetle zombie (D:6)
  An endoplasm zombie (Sewer)
  3 giant cockroach zombies (Sewer)
  13 kobold zombies
  6 orc zombies
  A quokka zombie (D:8)
  A river rat zombie (D:8)
90 creatures vanquished.

Grand Total: 624 creatures vanquished

Notes
Turn   | Place    | Note
-------+----------+-------------------------------------------
     0 | D:1      | mdonais the Deep Elf Necromancer began the quest for the
                  | Orb.
     0 | D:1      | Reached XP level 1. HP: 10/10 MP: 6/6
    74 | D:1      | Found Qoroarr's Antique Weapon Boutique.
   183 | D:1      | Reached XP level 2. HP: 16/16 MP: 5/8
   297 | D:1      | Reached skill level 1 in Fighting
   312 | D:1      | Reached skill level 1 in Short Blades
   795 | D:1      | Reached XP level 3. HP: 20/20 MP: 5/9
   989 | D:2      | Learned a level 3 spell: Vampiric Draining
  1107 | D:2      | Reached skill level 5 in Necromancy
  1107 | D:2      | Reached XP level 4. HP: 26/26 MP: 0/10
  1270 | D:2      | Noticed Sigmund
  1317 | D:2      | Learned a level 4 spell: Animate Dead
  1493 | D:2      | Noticed Terence
  1695 | D:2      | Upgraded the game from 0.31-a0-1308-ga3cce3a448 to
                  | 0.31-a0-1338-gb567cfdca4
  1734 | D:2      | Noticed Natasha
  1739 | D:2      | Killed Natasha
  1940 | D:2      | Reached skill level 4 in Spellcasting
  1946 | D:2      | Reached XP level 5. HP: 23/30 MP: 0/13
  2154 | D:3      | Found Safasuno's Distillery.
  2160 | D:3      | Bought a potion of degeneration for 14 gold pieces
  2160 | D:3      | Bought a potion of curing for 42 gold pieces
  2319 | D:3      | Found a sacrificial altar of Ru.
  3010 | D:4      | Reached XP level 6. HP: 26/35 MP: 0/14
  3211 | D:4      | Found a shimmering altar of Xom.
  3663 | D:4      | Reached skill level 5 in Spellcasting
  3786 | D:4      | Reached skill level 1 in Evocations
  3786 | D:4      | Reached XP level 7. HP: 37/40 MP: 11/16
  3896 | D:4      | Identified the +6 spear "Killer Bee's Death" {spect, rCorr
                  | Int+3}
  4042 | D:5      | Entered Level 5 of the Dungeon
  4159 | D:5      | Found a shadowy altar of Dithmenos.
  4345 | D:5      | Noticed Dowan
  4346 | D:5      | Noticed Duvessa
  4357 | D:5      | Killed Dowan
  4370 | D:5      | Killed Duvessa
  4615 | D:5      | Learned a level 4 spell: Dispel Undead
  4908 | D:5      | Reached skill level 6 in Spellcasting
  5314 | D:6      | Reached skill level 5 in Dodging
  5378 | D:6      | Found a glowing drain.
  5383 | Sewer    | Entered a sewer
  5488 | Sewer    | Reached XP level 8. HP: 46/46 MP: 14/20
  5492 | Sewer    | Found a burning altar of Makhleb.
  5526 | Sewer    | Reached skill level 7 in Spellcasting
  5556 | Sewer    | Noticed Grinder
  5567 | Sewer    | Killed Grinder
  6089 | D:6      | Found a staircase to the Ecumenical Temple.
  6098 | Temple   | Entered the Ecumenical Temple
  6111 | Temple   | Became a worshipper of Ashenzari the Shackled
  6235 | D:6      | Reached skill level 1 in Shields
  6410 | D:6      | Identified the +6 war axe of Loryn Qosud {spect, rElec}
  6415 | D:6      | Noticed a two-headed ogre
  6750 | D:6      | Reached XP level 9. HP: 29/52 MP: 21/21
  7292 | D:2      | Killed Terence
  7293 | D:2      | Reached skill level 5 in Shields
  7348 | D:2      | Killed Sigmund
  7349 | D:2      | Reached skill level 5 in Stealth
  7697 | D:7      | Found an ornate altar of the Wu Jian Council.
  7703 | D:7      | Paralysed by a hornet for 2 turns
  7933 | D:7      | Reached * piety under Ashenzari
  7941 | D:7      | Learned a level 5 spell: Fireball
  7941 | D:7      | Reached skill level 5 in Fighting
  7941 | D:7      | Reached skill level 9 in Spellcasting
  7941 | D:7      | Reached XP level 10. HP: 59/59 MP: 22/25
  8122 | D:7      | Noticed Maggie
  8128 | D:7      | Maggie changed into Maggie the water moccasin
  8128 | D:7      | Noticed Maggie
  8135 | D:7      | Killed Maggie the water moccasin
  8260 | D:7      | Paralysed by a hornet for 2 turns
  8318 | D:7      | Found a runed translucent gate.
  8318 | D:7      | Found a runed translucent gate.
  8318 | D:7      | Found a runed translucent gate.
  8318 | D:7      | Noticed Jeffwins's ghost (novice GrEE)
  8593 | D:8      | Noticed a death yak
  8605 | D:8      | Noticed a death yak
  8672 | D:8      | Reached skill level 10 in Spellcasting
  8688 | D:8      | Found an iron altar of Okawaru.
  8692 | D:8      | Noticed a death yak
  8886 | D:8      | Found a staircase to the Lair.
  9038 | D:8      | Noticed a two-headed ogre
  9290 | D:8      | Reached ** piety under Ashenzari
  9664 | D:9      | Reached XP level 11. HP: 60/60 MP: 24/27
  9760 | D:9      | Noticed Psyche
  9797 | D:9      | Identified the cursed ring "Circumscribed With Me" {Will+,
                  | Sorc, Range} (You found it on level 3 of the Dungeon)
  9816 | D:9      | Killed Psyche
 10162 | D:9      | Reached skill level 1 in Armour
 10546 | D:10     | Entered Level 10 of the Dungeon
 10876 | D:10     | Reached *** piety under Ashenzari
 10905 | D:10     | Reached skill level 1 in Polearms
 11644 | D:8      | Killed a death yak
 11694 | D:8      | Killed a death yak
 11784 | D:8      | Killed a two-headed ogre
 11814 | D:8      | Killed a death yak
 11854 | D:8      | Found a staircase to the Lair.
 11876 | D:8      | Found an iron altar of Okawaru.
 12526 | Lair:1   | Entered Level 1 of the Lair of Beasts
 12650 | D:6      | Killed a two-headed ogre
 12798 | D:11     | Found a runed translucent gate.
 12798 | D:11     | Found a runed translucent gate.
 12799 | D:11     | Found a runed translucent gate.
 12801 | D:11     | Noticed superbruh's ghost (journeyman OnCA)
 12906 | D:11     | Noticed a boulder beetle
 12914 | D:11     | Killed a boulder beetle
 12954 | D:11     | Reached **** piety under Ashenzari
 13007 | D:11     | Reached XP level 12. HP: 69/69 MP: 13/28
 13016 | D:11     | Noticed a boulder beetle
 13066 | D:11     | Killed a boulder beetle
 13067 | D:11     | Reached skill level 11 in Spellcasting
 13224 | D:11     | Identified the +1 war axe "Demonslayer" {flame, ^Fragile
                  | Will++ Dex+2 Stlth+}
 13647 | D:12     | Found a staircase to the Orcish Mines.
 13666 | D:12     | Reached skill level 12 in Spellcasting
 13669 | D:12     | Reached skill level 10 in Dodging
 14249 | D:12     | Noticed Lodul
 15789 | Lair:2   | Reached XP level 13. HP: 73/74 MP: 23/31
 15796 | Lair:2   | Found a staircase to the Shoals.
 16038 | Lair:2   | Reached skill level 13 in Spellcasting
 16178 | Lair:2   | Reached skill level 10 in Fire Magic
 16553 | Lair:2   | Reached ***** piety under Ashenzari
 16861 | Lair:3   | Found a hole to the Spider Nest.
 17719 | Lair:4   | Noticed Rupert
 17730 | Lair:4   | Killed Rupert
 17741 | Lair:4   | Reached skill level 14 in Spellcasting
 17782 | Lair:4   | Learned a level 4 spell: Iskenderun's Mystic Blast
 17854 | Lair:4   | Found a viscous altar of Jiyva.
 17855 | Lair:4   | Found a staircase to the Slime Pits.
 18019 | Lair:4   | Reached skill level 1 in Translocations
 18030 | Lair:4   | Reached skill level 1 in Air Magic
 18334 | Lair:5   | Entered Level 5 of the Lair of Beasts
 18428 | Lair:5   | Found a hide-covered altar of Uskayaw.
 18447 | Lair:5   | Reached XP level 14. HP: 83/84 MP: 15/34
 18484 | Lair:5   | Learned a level 6 spell: Plasma Beam
 18522 | Lair:5   | Reached skill level 5 in Air Magic
 18611 | Lair:5   | Learned a level 6 spell: Death Channel
 18679 | Lair:5   | Found the +7 captain's cutlass {speed, disarm}
 20008 | Lair:5   | Found a hide-covered altar of Uskayaw.
 20717 | D:11     | Slain by a komodo dragon

Illustrated notes

Levels and vault maps discovered:
D:1:      roderic_crossed_star, layout_basic, serial_shops, shop
D:2:      layout_basic, uniq_sigmund, uniq_terence, uniq_natasha
D:3:      layout_rooms, mainiacjoe_overflow_concentric_impassable, serial_shops,
          nicolae_shop_trees
D:4:      layout_basic, mainiacjoe_overflow_small_starburst
D:5:      layout_basic, general_overflow_altar, uniq_duvessa
D:6:      minmay_chambers_of_threes, layout_loops_corners,
          minmay_temple_entry_wispy, gup_sewer_entry_spiral,
          lightli_corner_chamber
D:7:      layout_loops_cross, gammafunk_ghost_nasty_kobolds,
          kennysheep_small_circle, uniq_maggie
D:8:      layout_loops_corners, okawaru_trees_1, dpeg_lair_monsters
D:9:      layout_loops_corners, uniq_psyche
D:10:     layout_irregular_city
D:11:     layout_long_grid, gammafunk_ghost_necromancy, minivault_11
D:12:     layout_cave_pools, orc_0_dummy, special_room [special_room_orc],
          serial_bayou_pond_d, uniq_lodul, uniq_fannar, uniq_azrael
Temple:   dpeg_three_leaves_temple
Lair:1:   beast_lair_carwin_large_3, layout_long_grid, dpeg_stationary_puzzle
Lair:2:   minmay_lair_oklob_chamber, layout_hall_layers,
          elwin_shoals_entry_rooms, kennysheep_rathole
Lair:3:   layout_regular_city, spider_nest_entry_web_field,
          grunt_forest_large_clearings, infiniplex_staircase_pool_2
Lair:4:   layout_hall_layers, slime_entry_1, grunt_megastairs_3, uniq_rupert
Lair:5:   gammafunk_lair_ancient_temple, layout_cave_pods, basic_altar

Skill      XL: |  1  2  3  4  5  6  7  8  9 10 11 12 13 14 |
---------------+-------------------------------------------+-----
Stealth        | 3 4 5 6 |  6.0
Fighting       | 1 2 3 4 5 6 8 |  8.0
Short Blades   | 1 2 |  2.0
Necromancy     | 5 6 7 8 |  8.0
Spellcasting   | 4 5 6 7 9 10 12 14 | 14.5
Dodging        | 3 4 5 6 7 8 10 12 | 12.4
Evocations     | 1 2 3 4 |  4.9
Shields        | 2 5 6 |  6.0
Conjurations   | 6 7 8 9 |  9.5
Fire Magic     | 6 7 9 10 | 10.0
Armour         | 3 |  3.2
Polearms       | 2 3 |  3.0
Translocations | 2 |  2.4
Air Magic      | 2 8 |  8.6

Action                     |  1- 3 |  4- 6 |  7- 9 | 10-12 | 13-15 || total
---------------------------+-------+-------+-------+-------+-------++-------
  Melee: Rapier            |       |     5 |       |       |       ||     5
         Spear             |       |       |   181 |   218 |   136 ||   535
  Throw: Boomerang         |     1 |       |       |       |       ||     1
         Javelin           |       |       |     1 |     4 |     3 ||     8
         Dart              |       |       |       |     4 |     2 ||     6
   Cast: Necrotise         |    86 |   130 |   119 |    97 |       ||   432
         Vampiric Draining |       |     6 |     7 |    49 |    32 ||    94
         Animate Dead      |       |       |    13 |    20 |    10 ||    43
         Dispel Undead     |       |       |     1 |    22 |       ||    23
         Fireball          |       |       |       |    79 |   104 ||   183
         Plasma Beam       |       |       |       |       |    11 ||    11
         Death Channel     |       |       |       |       |     3 ||     3
 Invoke: Curse Item        |       |       |     2 |     7 |     3 ||    12
         Shatter the Chain |       |       |       |     2 |     1 ||     3
  Evoke: Wand              |       |       |     3 |    16 |       ||    19
    Use: Scroll            |       |       |     4 |     2 |       ||     6
         Potion            |       |       |     4 |       |       ||     4
   Stab: Paralysed         |       |       |    13 |     5 |       ||    18
         Sleeping          |       |       |     4 |     1 |       ||     5
         Distracted        |       |       |     1 |     5 |     2 ||     8
 Armour: Robe              |     7 |    24 |   118 |    30 |    50 ||   229
         Acid dragon scale |       |       |       |    39 |       ||    39
         Steam dragon scal |       |       |       |   106 |    30 ||   136
  Dodge: Dodged            |     6 |    30 |   124 |   187 |    95 ||   442
  Block: Buckler           |       |       |    18 |    71 |    39 ||   128
         Reflection        |       |       |     2 |     4 |       ||     6

Table legend: (Time is in decaauts)
 A = Elapsed time spent in this place.
 B = Non-inter-level travel time spent in this place.
 C = Inter-level travel time spent in this place.
 D = Time resting spent in this place.
 E = Time spent auto-exploring this place.
 F = Levels seen in this place.
 G = Mean time per level.
                   A        B        C        D        E       F      G
               +--------+--------+--------+--------+--------+-----+--------+
         Total |  20938 |  19289 |   1649 |   1779 |  11547 |  19 | 1102.0 |
       Dungeon |  14672 |  13242 |   1430 |   1400 |   7665 |  12 | 1222.7 |
        Temple |     17 |     12 |      5 |      0 |      0 |   1 |   17.0 |
          Lair |   5921 |   5707 |    214 |    379 |   3818 |   5 | 1184.2 |
         Sewer |    326 |    326 |      0 |      0 |     64 |   1 |  326.0 |
               +--------+--------+--------+--------+--------+-----+--------+

Top non-repeatable levels by time:
     D:8: 2417 daAuts
  Lair:5: 2106 daAuts
     D:6: 1681 daAuts
    D:11: 1533 daAuts
     D:2: 1421 daAuts
     D:5: 1333 daAuts
     D:4: 1256 daAuts
     D:7: 1156 daAuts
  Lair:2: 1115 daAuts
  Lair:1: 1091 daAuts
     D:9: 1066 daAuts
    D:10: 927 daAuts
  Lair:3: 899 daAuts
     D:1: 881 daAuts
     D:3: 729 daAuts
